 Dungeon Crawl Stone Soup version 0.29.1-1-gd02db6906a (webtiles) character file.

Game seed: 6468604149872294834

21 dave1331 the Trooper (level 2, -2/20 HPs)
             Began as a Gargoyle Fighter on Oct 2, 2022.
             Slain by a goblin
             ... wielding a +0 club
             ... led by Robin
              (5 damage)
             ... on level 2 of the Dungeon.
             The game lasted 00:01:33 (853 turns).

dave1331 the Trooper (Gargoyle Fighter)              Turns: 853, Time: 00:01:34

Health: -2/20      AC:  9    Str: 19    XL:     2   Next: 83%
Magic:  2/2        EV:  9    Int:  8    God:
Gold:   83         SH:  4    Dex:  9    Spells: 1/1 levels left

rFire   . . .      SeeInvis .   a - +0 trident
rCold   . . .      Faith    .   c - +0 buckler
rNeg    + . .      Spirit   .   b - +0 scale mail
rPois   ∞          Reflect  .   (no helmet)
rElec   +          Harm     .   (no cloak)
rCorr   .          Rampage  .   (no gloves)
Will    .....                   (no boots)
Stlth   ..........              (no amulet)
HPRegen 0.06/turn               (no ring)
MPRegen 0.08/turn               (no ring)

@: no status effects
A: sickness immunity, AC +2, negative energy resistance 1, electricity
resistance, torment resistance 1, petrification resistance
a: no special abilities


You were on level 2 of the Dungeon.
You visited 1 branch of the dungeon, and saw 2 of its levels.

You collected 83 gold pieces.

Inventory:

Hand Weapons
 a - a +0 trident (weapon)
 j - a +0 vorpal sling
Armour
 b - a +0 scale mail (worn)
 c - a +0 buckler (worn)
Jewellery
 i - a ring of flight
 l - a +4 ring of evasion
Wands
 m - a wand of mindburst (16)
Scrolls
 e - a scroll of amnesia {unknown}
 g - 2 scrolls of fear {unknown}
 k - a scroll of identify {unknown}
Potions
 d - a potion of might
 f - a potion of lignification {unknown}
 h - 2 potions of ambrosia {unknown}


   Skills:
 + Level 3.7 Fighting
 + Level 2.0 Polearms
 + Level 3.6 Armour
 + Level 3.5 Shields


You had one spell level left.
You didn't know any spells.
Your spell library contained the following spells:

 Spells                   Type           Power      Damage    Failure   Level
 Fireball                 Conj/Fire      0%         3d3       100%        5
 Starburst                Conj/Fire      0%         6d3       100%        6
 Ignition                 Fire           0%         3d3       100%        8


Dungeon Overview and Level Annotations

Branches:
Dungeon (2/15)

Altars:

Annotations:
D:2 Robin


Innate Abilities, Weirdness & Mutations

You are immune to sickness and miasma.
Your stone body is resilient. (AC +2)
You are immune to poison.
You resist negative energy. (rN+)
You are resistant to electric shocks. (rElec)
You are resistant to unholy torment.
You are immune to petrification.


Message History

You see here a bat corpse.
m - a wand of mindburst (16)
A goblin comes into view. It is wielding a +0 dagger.
The goblin shouts!
You hear a shout!
A goblin is nearby!
A hobgoblin and a goblin come into view.
A frilled lizard comes into view.
A goblin comes into view. It is wielding a +0 dagger.
The goblin shouts!
You hear a shout!
Robin of the Strong Arm comes into view.
They are wielding a +0 mace.
A goblin comes into view. It is wielding a +0 dagger.
Robin shouts!
The goblin shouts!
You hear a shout!
Robin throws the goblin at you!
A goblin comes into view. It is wielding a +0 club.
You block the goblin's attack. The goblin attacks as you move away!
The goblin hits you but does no damage. You block the hobgoblin's attack.
You puncture the goblin!
You kill the goblin!
Robin roars a battlecry!
The goblins go into a battle-frenzy!
The goblin hits you but does no damage. You block the goblin's attack.
You hear a shout! x2; You hear an angry hiss.
You closely miss the hobgoblin.
The goblin shouts!
The hobgoblin hits you. The goblin barely misses you.
You block the goblin's attack. The goblin hits you but does no damage.
The goblin hits you with a +0 club.
A goblin comes into view. It is wielding a +0 club.
The hobgoblin hits you. The goblin completely misses you.
The goblin hits you with a +0 dagger.
You hit the goblin.
The goblin is moderately wounded.
The hobgoblin hits you.
* * * LOW HITPOINT WARNING * * *
The goblin hits you with a +0 dagger.
* * * LOW HITPOINT WARNING * * *
The goblin hits you with a +0 club.
You die...

....... .# #..###.#
#)#.#.#...###..##...
#....!#.#.#.......##
###.#.#.......#..#####
g.............†.## #
#.#.#.......#...#
##g##..l.(...####...#
#.gg..ggg...†# #.†.#
##@g....# #.###
#####..####.#####
#.....).....#
##......###.# #.###..#
#.# #..###.## #.#
#........ #.#
##.###### #.# #.#


You could see Robin, a hobgoblin (strong), 5 goblins and a frilled lizard.

Vanquished Creatures
  A ball python (D:1)
  3 bats (D:2)
  A giant cockroach (D:2)
  3 goblins
  6 hobgoblins
  2 kobolds
  2 frilled lizards
18 creatures vanquished.

Notes
Turn   | Place    | Note
-------+----------+-------------------------------------------
     0 | D:1      | dave1331 the Gargoyle Fighter began the quest for the Orb.
     0 | D:1      | Reached XP level 1. HP: 14/14 MP: 1/1
   412 | D:1      | Reached XP level 2. HP: 17/19 MP: 2/2
   848 | D:2      | Noticed Robin
   853 | D:2      | Slain by a goblin

Illustrated notes

Levels and vault maps discovered:
D:1:      minmay_arrival_shattered_statue, layout_basic
D:2:      layout_loops_ring, uniq_robin

Skill      XL: |  1  2 |
---------------+-------+-----
Polearms       | 2 |  2.0
Fighting       | |  3.7
Armour         | |  3.6
Shields        | |  3.5

Action                   || total
-------------------------++-------
Melee: Trident           ||    59
Armor: Scale mail        ||    57
Dodge: Dodged            ||    44
Block: Buckler           ||    14
